 Dungeon Crawl Stone Soup version 0.21-a0-471-gd587bd5 (webtiles) character file.

46 kae the Charlatan (level 3, -2/21 HPs)
             Began as a Kobold Artificer on Nov 21, 2017.
             Slain by a hobgoblin
             ... wielding a +0 club
              (5 damage)
             ... on level 2 of the Dungeon.
             The game lasted 00:01:33 (1312 turns).

kae the Charlatan (Kobold Artificer)                Turns: 1312, Time: 00:01:34

Health: -2/21      AC:  3    Str:  9    XL:     3   Next: 95%
Magic:  6/6        EV: 14    Int: 12    God:
Gold:   40         SH:  0    Dex: 16    Spells: 2/2 levels left

rFire    . . .     SeeInvis .   a - +0 short sword
rCold    . . .     Gourm    .   (shield restricted)
rNeg     . . .     Faith    .   b - +0 leather armour
rPois    .         Spirit   .   (no helmet)
rElec    .         Reflect  .   (no cloak)
rCorr    .         Harm     .   (no gloves)
MR       .....                  (no boots)
Stlth    ++........             (no amulet)
HPRegen  0.07/turn              (no ring)
MPRegen  0.10/turn              (no ring)

@: no status effects
A: carnivore 3
a: no special abilities


You were on level 2 of the Dungeon.
You were full.

You visited 1 branch of the dungeon, and saw 2 of its levels.

You collected 40 gold pieces.

Inventory:

Hand Weapons
 a - a +0 short sword (weapon)
Armour
 b - a +0 leather armour (worn)
Wands
 c - a wand of flame (11)
 d - a wand of enslavement (15)
 e - a wand of random effects (14)
Scrolls
 g - 2 scrolls of remove curse {unknown}
 i - a scroll of magic mapping {unknown}
 j - a scroll of enchant armour {unknown}
Comestibles
 f - a meat ration
 h - a royal jelly


   Skills:
 + Level 2.0 Fighting
 * Level 3.4 Short Blades
 - Level 2.4 Dodging
 - Level 1.3 Stealth
 + Level 4.1 Evocations


You had 2 spell levels left.
You didn't know any spells.

Dungeon Overview and Level Annotations

Branches:
Dungeon (2/15)

Altars:
Xom


Innate Abilities, Weirdness & Mutations

You are small and have problems with some larger weapons.
You are carnivorous and can eat meat at any time.


Message History

* * * LOW HITPOINT WARNING * * *
You closely miss the hobgoblin. The hobgoblin closely misses you.
The hobgoblin hits you but does no damage.
Evoke which item? (* to show all) (? for menu, Esc to quit)
Aiming: Throw Flame
Press: ? - help, Shift-Dir - straight line, f - hobgoblin
Aim: a hobgoblin, wielding a club The puff of flame hits the hobgoblin.
The hobgoblin is heavily wounded.
The hobgoblin hits you but does no damage. x2
Evoke which item? (* to show all) (? for menu, Esc to quit)
Okay, then.
Okay, then.
Evoke which item? (* to show all) (? for menu, Esc to quit)
Aiming: Random Effects
Press: ? - help, Shift-Dir - straight line, f/p - hobgoblin
Aim: a hobgoblin, wielding a club (heavily wounded)
The hobgoblin looks slightly unstable.
The hobgoblin barely misses you. The hobgoblin hits you with a club.
You die...

#....## .. #.....# #.
####.....## ..
#.........### .# ##.
#......#....####.#....
#......##....(......##
#............#...#....
#......###..##......#
#......# ##@g.........
#####..# ##g.........
##.## #.......#.. #..#
#..........
##.#####.....#.#.
#....#..........
####............
############<.........
#.........###.........


You could see 2 hobgoblins.

Vanquished Creatures
  An adder (D:2)
  A leopard gecko (D:1)
  3 giant cockroaches
  7 goblins (D:1)
  4 hobgoblins (D:1)
  A ball python (D:1)
  4 bats (D:1)
  4 frilled lizards
  8 kobolds
  2 rats (D:1)
35 creatures vanquished.

Notes
Turn   | Place    | Note
-------+----------+-------------------------------------------
     0 | D:1      | kae the Kobold Artificer began the quest for the Orb.
     0 | D:1      | Reached XP level 1. HP: 12/12 MP: 3/3
   183 | D:1      | Reached XP level 2. HP: 15/16 MP: 4/4
   657 | D:1      | Reached skill level 4 in Evocations
   657 | D:1      | Reached XP level 3. HP: 20/20 MP: 4/6
  1232 | D:2      | Found a shimmering altar of Xom.
  1312 | D:2      | Slain by a hobgoblin

Vault maps used:
D:1:      lemuel_arrival_muddy
D:2:      nicolae_overflow_hidden_temple, evilmike_ruin_ashenzari

Skill      XL: |  1  2  3 |
---------------+----------+-----
Short Blades   | 2 3 |  3.4
Evocations     | 4 |  4.1
Fighting       | 2 |  2.0
Dodging        | |  2.4
Stealth        | |  1.3

Action                   || total
-------------------------++-------
Melee: Short sword       ||   118
Evoke: Wand              ||     5
  Eat: Chunk             ||     6
Armor: Leather armour    ||    21
Dodge: Dodged            ||    92

Table legend:
 A = Spawn XP
 B = Non-spawn XP
 C = Spawn XP percentage of total XP
 D = Spawn monster count
 E = Non-spawn monster count
 F = Spawn count percentage of total count
 G = Total turns spent on level
                    A         B        C        D         E        F      G
               +---------+---------+-------+---------+---------+-------+---------
         Total |       0 |      67 |   0.0 |       0 |      35 |   0.0 |  1312
               +---------+---------+-------+---------+---------+-------+---------
           D:1 |       0 |      47 |   0.0 |       0 |      30 |   0.0 |  1106
           D:2 |       0 |      20 |   0.0 |       0 |       5 |   0.0 |   206
               +---------+---------+-------+---------+---------+-------+---------
